Map: Echo LE (Void)

Players

Zypher - Winner!

  • Race: Zerg Zerg

Puppytherapy

  • Race: Protoss Protoss

VOD

Have the link to the VOD?

Description

Time

  • Played on: May 4, 2015, 1:11 p.m.
  • Length: 9:17
Show
View Real Time Build Order
Export as new Build Order

Zypher Zerg - Winner!

Build Orders: 3 Hatch before Pool 

Get SALT Encoding   

  12  0:01  Drone  
  13  0:12  Overlord  
  13  0:16  Drone  
  14  0:31  Drone x2  
  14  0:35  Drone  
  17  0:51  Hatchery  
  17  0:54  Drone  
  17  0:59  Drone  
  18  1:18  Hatchery  
  17  1:21  Drone  
  18  1:33  Spawning Pool  
  18  1:35  Drone  
  18  1:41  Drone  
  18  1:42  Drone  
  18  1:46  Extractor  
  19  1:51  Drone  
  20  2:01  Drone  
  21  2:11  Drone  
  21  2:13  Drone  
  23  2:19  Queen  
  23  2:20  Queen  
  23  2:21  Zergling x2  
  28  2:24  Overlord  
  28  2:36  Drone x3  
  28  2:37  Drone  
  32  2:45  Queen  
  32  2:47  Metabolic Boost  
  34  2:52  Overlord  
  34  2:59  Drone  
  34  3:00  Drone x2  
  34  3:04  Overlord  
  37  3:12  Drone x3  
  40  3:13  Drone  
  41  3:22  Drone  
  41  3:24  Roach Warren  
  41  3:30  Lair  
  41  3:31  Drone  
  41  3:32  Drone  
  43  3:34  Zergling x4  
  43  3:40  Overlord  
  45  3:42  Drone  
  45  3:43  Drone x2  
  48  3:49  Overlord  
  48  3:50  Drone x2  
  48  3:51  Drone  
  51  4:04  Extractor  
  51  4:05  Roach x4  
  51  4:07  Zergling x2  
  51  4:08  Zergling x6  
  59  4:21  Roach x2  
  59  4:23  Queen  
  63  4:32  Roach  
  62  4:39  Extractor  
  62  4:45  Roach x2  
  60  4:46  Zergling x28  
  70  5:03  Roach  
  70  5:04  Roach x3, Zergling x2  
  70  5:05  Zergling x2  
  60  5:30  Roach x5  
  60  5:31  Roach  
  60  5:32  Drone x2  
  60  5:33  Drone x2  
  74  5:40  Overlord x3  
  74  5:46  Overlord x2  
  74  5:58  Glial Reconstitution  
  74  5:59  Drone x2  
  74  6:02  Drone  
  74  6:03  Drone x8  
  85  6:07  Drone  
  85  6:08  Drone x2  
  88  6:16  Hydralisk Den  
  88  6:18  Evolution Chamber  
  86  6:26  Drone  
  86  6:28  Drone  
  86  6:31  Extractor  
  87  6:33  Drone  
  87  6:34  Drone x2  
  87  6:39  Drone x5  
  95  6:43  Hatchery  
  94  6:50  Extractor  
  94  6:51  Muscular Augments  
  94  6:53  Zerg Missile Weapons Level 1, Hydralisk x3  
  95  6:57  Zergling x10  
  95  6:58  Zergling x2  
  105  7:08  Overseer  
  105  7:12  Overlord x5  
  104  7:26  Hydralisk  
  106  7:36  Hydralisk x7  
  106  7:37  Hydralisk  
  108  7:42  Overseer  
  122  7:46  Overlord  
  122  7:47  Overlord x2  
  122  7:50  Hydralisk  
  122  7:51  Hydralisk, Roach  
  125  7:52  Roach  
  125  7:57  Hydralisk  
  125  7:58  Roach  
  125  8:11  Hydralisk x2, Roach  
  125  8:12  Roach x2  
  135  8:14  Overlord x3  
  135  8:18  Zergling x12  
  141  8:31  Hydralisk x3, Roach  
  141  8:32  Roach x3  
  155  8:42  Hydralisk x2  
  155  8:43  Roach x2  
  157  8:52  Hydralisk x2  
  157  8:53  Roach  
  157  8:54  Roach  
Show
View Real Time Build Order
Export as new Build Order

Puppytherapy Protoss 

Build Orders: 1 Gate Expand 

Get SALT Encoding   

  12  0:01  Probe  
  13  0:13  Pylon  
  13  0:17  Probe  
  14  0:31  Probe (Chrono Boost)  
  15  0:36  Gateway  
  15  0:42  Probe (Chrono Boost)  
  16  0:43  Assimilator  
  16  0:48  Probe (Chrono Boost)  
  17  1:00  Probe  
  18  1:18  Nexus  
  18  1:27  Cybernetics Core  
  18  1:32  Probe (Chrono Boost)  
  19  1:38  Pylon  
  19  1:44  Probe (Chrono Boost)  
  20  1:53  Probe (Chrono Boost)  
  22  2:01  Probe (Chrono Boost)  
  22  2:04  Warp Gate (Chrono Boost)  
  22  2:15  Forge  
  22  2:16  Gateway  
  22  2:17  Probe  
  22  2:21  Adept  
  25  2:30  Probe x2  
  27  2:43  Gateway  
  27  2:46  Gateway  
  27  2:48  Probe  
  28  2:52  Probe  
  29  2:59  Protoss Ground Weapons Level 1 (Chrono Boost)  
  29  3:01  Probe  
  30  3:07  Probe  
  31  3:16  Probe  
  31  3:19  Probe  
  33  3:29  Probe  
  33  3:30  Pylon  
  33  3:31  Probe, Pylon  
  35  3:41  Probe  
  36  3:43  Probe  
  36  3:45  Twilight Council  
  37  3:51  Adept x3  
  37  3:53  Probe  
  37  3:54  Adept  
  46  3:55  Pylon  
  46  4:02  Pylon  
  46  4:04  Probe  
  46  4:05  Assimilator  
  46  4:06  Assimilator  
  47  4:20  Adept x2  
  47  4:21  Zealot x2  
  55  4:43  Zealot x2  
  55  4:44  Zealot x2  
  58  4:53  Probe x2  
  58  5:00  Assimilator  
  58  5:04  Zealot x4  
  58  5:05  Probe x2  
  56  5:14  Protoss Ground Weapons Level 2 (Chrono Boost)  
  56  5:17  Probe  
  56  5:18  Probe  
  56  5:23  Shield Upgrade (Chrono Boost)  
  54  5:29  Probe  
  54  5:30  Probe  
  54  5:33  Stalker  
  48  5:41  Zealot  
  48  5:42  Probe (Chrono Boost)  
  52  5:44  Probe (Chrono Boost)  
  52  5:54  Probe (Chrono Boost)  
  52  5:55  Adept x2  
  58  5:58  Probe (Chrono Boost)  
  58  5:59  Pylon  
  58  6:01  Pylon  
  58  6:02  Pylon  
  58  6:05  Probe  
  58  6:06  Pylon  
  58  6:08  Probe  
  58  6:09  Blink (Chrono Boost)  
  60  6:23  Gateway  
  60  6:25  Gateway x2  
  60  6:26  Sentry, Gateway  
  60  6:30  Pylon  
  60  6:32  Pylon x2  
  62  6:45  Stalker  
  62  6:46  Stalker x2  
  68  6:54  Sentry  
  70  7:10  Pylon  
  70  7:16  Templar Archives  
  70  7:21  Stalker x5  
  70  7:22  Stalker x2  
  82  7:34  Pylon  
  82  7:35  Stalker  
  84  7:53  Adept x3  
  84  7:54  Adept x4  
  94  8:10  Zealot  
  96  8:15  Adept x2  
  96  8:16  Adept x5  
  110  8:30  High Templar x2  
  114  8:35  Zealot  
  114  8:37  Archon  
  114  8:39  Adept x4  
  122  8:50  Zealot  
  99  8:56  Zealot  
  99  9:00  Zealot  
  99  9:01  Zealot x3  
  59  9:14  Adept x3  
Tags
 
Add a new tag
Caveats
  • Supply blocks, unpowered buildings, or Contaminate may cause inaccurate times.
  • Supply counts are checked every 10 seconds.